 Dungeon Crawl Stone Soup version 0.25.1-2-g60ff931df9 (webtiles) character file.

Game seed: 7248169425896558255

865 DoubleLucky the Conjurer (level 7, -4/36 HPs)
             Began as a Deep Elf Fire Elementalist on Oct 1, 2020.
             Slain by Duvessa
             ... wielding a +3 rapier
              (12 damage)
             ... on level 4 of the Dungeon.
             The game lasted 00:14:52 (4311 turns).

DoubleLucky the Conjurer (DEFE)                     Turns: 4311, Time: 00:14:53

Health: -4/36      AC:  2    Str:  5    XL:     7   Next: 72%
Magic:  14/18      EV: 13    Int: 22    God:
Gold:   177        SH:  0    Dex: 15    Spells: 10/18 levels left

rFire    . . .     SeeInvis .   d - +0 club
rCold    . . .     Gourm    .   (no shield)
rNeg     . . .     Faith    .   a - +0 robe
rPois    .         Spirit   .   (no helmet)
rElec    .         Reflect  .   (no cloak)
rCorr    .         Harm     .   (no gloves)
MR       .....                  (no boots)
Stlth    ++........             (no amulet)
HPRegen  0.12/turn              (no ring)
MPRegen  0.16/turn              (no ring)

@: no status effects
A: no striking features
a: no special abilities


You were on level 4 of the Dungeon.
You were not hungry.

You visited 1 branch of the dungeon, and saw 4 of its levels.

You collected 177 gold pieces.

Inventory:

Hand Weapons
 d - a +0 club (weapon)
Armour
 a - a +0 robe (worn)
 p - a +0 leather armour
Wands
 n - a wand of clouds (2)
 q - a wand of digging (4)
Scrolls
 e - 3 scrolls of teleportation
 h - 2 scrolls of enchant armour {unknown}
 i - 4 scrolls of identify
 j - 3 scrolls of fear {unknown}
 k - 2 scrolls of blinking {unknown}
 o - a scroll of remove curse {unknown}
Potions
 b - a potion of brilliance {unknown}
 f - a potion of lignification {unknown}
 l - a potion of stabbing {unknown}
 m - 2 potions of haste {unknown}
Comestibles
 c - 8 rations
 g - 6 chunks of flesh


   Skills:
 - Level 2.4 Dodging
 - Level 2.4 Stealth
 + Level 6.4 Spellcasting
 * Level 6.8 Conjurations
 + Level 5.7 Fire Magic


You had 10 spell levels left.
You knew the following spells:

 Your Spells              Type           Power        Failure   Level  Hunger
a - Foxfire               Conj/Fire      ####         1%          1    None
b - Conjure Flame         Conj/Fire      ####....     1%          3    #......
c - Sticky Flame          Conj/Fire      ####....     6%          4    ###....

Your spell library contained the following spells:

 Spells                   Type           Power        Failure   Level  Hunger
 Inner Flame              Hex/Fire       ###.....     9%          3    #......
 Fireball                 Conj/Fire      ####......   19%         5    #####..


Dungeon Overview and Level Annotations

Branches:
Dungeon (4/15)
 Temple: D:4-7

Altars:
Gozag

Annotations:
D:4 Duvessa


Message History

Duvessa is moderately wounded.
The foxfire hits Duvessa.
Duvessa is moderately wounded.
The foxfire hits Duvessa.
Duvessa is moderately wounded.
Duvessa barely misses you.
Duvessa rages.
A crimson imp comes into view.
Duvessa rages.
Duvessa hits you with a +3 rapier! Duvessa hits you with a +3 rapier!
Duvessa closely misses you. Duvessa closely misses you.
Duvessa hits you with a +3 rapier! Duvessa hits you with a +3 rapier.
* * * LOW HITPOINT WARNING * * *
You see here a +0 giant club.
Duvessa misses you. Duvessa hits you with a +3 rapier!
You die...

#.# #...# #######.### #...#
#.........###...###
#......>..........##
#.........#######..# ########
#.......^.########.######.......
#...............................
#.........#########.###.#.......
#.........)....@.......(...###.#
##########)###..e.......##......
#######)# #...l...)..##......
#.......# #.....)....##......
#.####### ######.###.##......
#.#.....# #.# #.##..>...
#....##.###### #.###.##.##...
###..#.......# #..##.##.##...
#..#..####.# ##5# .##.##...


You could see Duvessa (berserk) and a frilled lizard.

Vanquished Creatures
  Grinder (D:4)
  Sigmund (D:3)
  An ogre (D:4)
  A bullfrog (D:3)
  Dowan (D:4)
  2 orc priests (D:3)
  A centaur skeleton (D:4)
  Ijyb (D:3)
  A worker ant (D:4)
  3 gnolls (D:4)
  4 adders
  An ooze (D:4)
  2 worms
  3 dart slugs (D:1)
  3 leopard geckos
  14 orcs
  4 bats
  6 giant cockroaches
  11 goblins
  8 hobgoblins
  3 jackals (D:1)
  A quokka (D:4)
  3 frilled lizards
  6 kobolds
  A leopard gecko skeleton (D:4)
  A quokka skeleton (D:4)
  10 rats
94 creatures vanquished.

Vanquished Creatures (others)
  374 foxfires
374 creatures vanquished.

Grand Total: 468 creatures vanquished

Notes
Turn   | Place    | Note
-------+----------+-------------------------------------------
     0 | D:1      | DoubleLucky the Deep Elf Fire Elementalist began the quest
                  | for the Orb.
     0 | D:1      | Reached XP level 1. HP: 10/10 MP: 6/6
   173 | D:1      | Reached XP level 2. HP: 15/15 MP: 2/8
  1105 | D:2      | Reached XP level 3. HP: 19/19 MP: 7/10
  2094 | D:3      | Reached XP level 4. HP: 23/24 MP: 4/11
  2367 | D:3      | Reached XP level 5. HP: 28/28 MP: 3/13
  2570 | D:3      | Learned a level 3 spell: Conjure Flame
  2658 | D:3      | Noticed Sigmund
  2666 | D:3      | Killed Sigmund
  2666 | D:3      | Reached skill level 5 in Spellcasting
  2666 | D:3      | Reached skill level 5 in Conjurations
  2666 | D:3      | Reached XP level 6. HP: 32/32 MP: 4/15
  2855 | D:3      | Noticed Ijyb
  2877 | D:3      | Killed Ijyb
  3325 | D:3      | Found an opulent altar of Gozag.
  3543 | D:4      | Reached skill level 5 in Fire Magic
  3753 | D:4      | Reached XP level 7. HP: 36/36 MP: 8/17
  3779 | D:4      | Learned a level 4 spell: Sticky Flame
  3806 | D:4      | Noticed Grinder
  4166 | D:4      | Paralysed by Grinder for 4 turns
  4171 | D:4      | Killed Grinder
  4284 | D:4      | Noticed Dowan
  4287 | D:4      | Noticed Duvessa
  4288 | D:4      | Killed Dowan
  4311 | D:4      | Slain by Duvessa

Illustrated notes

Levels and vault maps discovered:
D:1:      lightli_arrival_chessboard, layout_basic,
          hangedman_abyss_or_decor_stabs
D:2:      layout_basic, first_ration
D:3:      kennysheep_the_goblin_king, layout_rooms,
          nicolae_overflow_crystal_walls, uniq_sigmund
D:4:      layout_basic, uniq_duvessa, uniq_grinder

Skill      XL: |  1  2  3  4  5  6  7 |
---------------+----------------------+-----
Conjurations   | 2 3 5 6 |  6.8
Spellcasting   | 4 5 6 |  6.4
Fire Magic     | 4 5 |  5.7
Dodging        | |  2.4
Stealth        | |  2.4

Action                   |  1- 3 |  4- 6 |  7- 9 || total
-------------------------+-------+-------+-------++-------
Melee: Club              |     5 |     2 |       ||     7
 Cast: Foxfire           |    86 |    99 |    36 ||   221
       Conjure Flame     |       |     1 |       ||     1
  Use: Scroll            |     2 |       |       ||     2
  Eat: Chunk             |     2 |     6 |     2 ||    10
Armor: Robe              |     3 |     5 |       ||     8
Dodge: Dodged            |     9 |    11 |     5 ||    25
